 Dungeon Crawl Stone Soup version 0.25.1-2-g60ff931df9 (webtiles) character file.

Game seed: 292441205706638873

48 DildoBatman the Magician (level 4, 0/30 HPs)
             Began as a Formicid Wizard on Nov 10, 2020.
             Slain by a bat (1 damage)
             ... on level 2 of the Dungeon.
             The game lasted 00:02:45 (1504 turns).

DildoBatman the Magician (Formicid Wizard)          Turns: 1504, Time: 00:02:46

Health: 0/30       AC:  3    Str: 12    XL:     4   Next: 0%
Magic:  8/8        EV: 11    Int: 18    God:
Gold:   68         SH:  0    Dex:  9    Spells: 8/9 levels left

rFire    + . .     SeeInvis +   d - +1 mace (protect)
rCold    . . .     Gourm    .   (no shield)
rNeg     . . .     Faith    .   l - +0 leather armour {rF+}
rPois    .         Spirit   .   (helmet unavailable)
rElec    .         Reflect  .   (no cloak)
rCorr    .         Harm     .   (no gloves)
MR       .....                  (no boots)
Stlth    ++........             (no amulet)
HPRegen  0.10/turn              (no ring)
MPRegen  0.11/turn              (no ring)

@: no status effects
A: permanent stasis, dig shafts and tunnels, four strong arms, antennae 3
a: Dig, Shaft Self


You were on level 2 of the Dungeon.
You were not hungry.

You visited 1 branch of the dungeon, and saw 2 of its levels.

You collected 68 gold pieces.

Inventory:

Hand Weapons
 d - a +1 mace of protection (weapon)
Missiles
 b - 47 stones (quivered)
 f - 13 arrows
 i - 12 sling bullets
Armour
 l - a +0 leather armour of fire resistance (worn)
Scrolls
 j - a scroll of enchant weapon {unknown}
 k - a scroll of remove curse {unknown}
Potions
 c - a potion of heal wounds {unknown}
 e - a potion of lignification {unknown}
 g - 2 potions of stabbing {unknown}
Comestibles
 v - 5 rations


   Skills:
 - Level 1.7 Dodging
 - Level 2.4 Stealth
 - Level 3.2 Spellcasting
 * Level 3.1 Conjurations
   Level 1.0 Summonings
   Level 0.8 Translocations


You had 8 spell levels left.
You knew the following spells:

 Your Spells              Type           Power        Failure   Level  Hunger
c - Magic Dart            Conj           ##..         5%          1    None

Your spell library contained the following spells:

 Spells                   Type           Power        Failure   Level  Hunger
 Call Imp                 Summ           #.......     21%         2    ##.....
 Slow                     Hex            #.......     30%         2    ##.....
 Conjure Flame            Conj/Fire      #.......     32%         3    ###....
 Mephitic Cloud           Conj/Pois/Air  #.......     36%         3    ###....
 Blink                    Tloc           Unusable     N/A         2    N/A

Dungeon Overview and Level Annotations

Branches:
Dungeon (2/15)

Altars:


Innate Abilities, Weirdness & Mutations

You cannot be hasted, slowed, berserked, paralysed or teleported.
You can dig through walls and to a lower floor.
Your four strong arms can wield two-handed weapons with a shield.
You have a pair of large antennae on your head. (SInv)


Message History

The bat closely misses you. The goblin barely misses you.
What are your orders? t - Shout!
Orders for allies: a - Attack new target. r - Retreat! s - Stop attacking. g - Guard the area. f - Follow me.
Anything else - Cancel.
You shout for attention!
The bat barely misses you. The goblin hits you.
What are your orders? t - Shout!
Orders for allies: a - Attack new target. r - Retreat! s - Stop attacking. g - Guard the area. f - Follow me.
Anything else - Cancel.
You shout for attention!
The bat hits you.
You die...

#######.#
........#
........#
........#
........#+#####
...............
...............
......g@.......
........b......
...............
#####..........
#..........
#..?.......
#..........
##.........
...?..#.#.#####


You could see a goblin and a bat.

Vanquished Creatures
  2 adders
  A dart slug (D:1)
  7 bats
  A giant cockroach (D:1)
  3 goblins
  5 hobgoblins
  3 kobolds
  2 ball pythons (D:1)
  A frilled lizard (D:1)
  4 rats (D:1)
29 creatures vanquished.

Notes
Turn   | Place    | Note
-------+----------+-------------------------------------------
     0 | D:1      | DildoBatman the Formicid Wizard began the quest for the
                  | Orb.
     0 | D:1      | Reached XP level 1. HP: 13/13 MP: 4/4
   222 | D:1      | Reached skill level 1 in Conjurations
   406 | D:1      | Reached XP level 2. HP: 16/19 MP: 6/6
   938 | D:1      | Reached XP level 3. HP: 24/24 MP: 5/7
  1462 | D:2      | Reached XP level 4. HP: 26/30 MP: 4/8
  1501 | D:2      | HP: 1/30 [goblin (2)]
  1504 | D:2      | Slain by a bat

Illustrated notes

Levels and vault maps discovered:
D:1:      dpeg_arrival_concentric_ovals, layout_loops_corners,
          minmay_misc_feat_cross, kennysheep_small_spiral
D:2:      layout_basic, first_ration, minmay_quadrilaterals

Skill      XL: |  1  2  3 |
---------------+----------+-----
Conjurations   | 1 2 3 |  3.1
Dodging        | |  1.7
Stealth        | |  2.4
Spellcasting   | |  3.2
Summonings     | |  1.0
Translocations | |  0.8

Action                   |  1- 3 |  4- 6 || total
-------------------------+-------+-------++-------
Melee: Mace              |    33 |       ||    33
 Cast: Magic Dart        |    54 |     1 ||    55
 Stab: Sleeping          |     2 |       ||     2
  Eat: Chunk             |     2 |       ||     2
Armor: Robe              |     5 |       ||     5
       Leather armour    |    17 |    15 ||    32
Dodge: Dodged            |    50 |    32 ||    82
